Map: Frozen Temple

Players

Kaldi - Winner!

  • Race: Zerg Zerg
  • League: Master

Raguel

  • Race: Zerg Zerg
  • League: Diamond

VOD

Have the link to the VOD?

Description

Time

  • Played on: May 2, 2016, 3:35 p.m.
  • Length: 3:50
Show
View Real Time Build Order
Export as new Build Order

Kaldi Zerg - Winner!

Build Orders: Pool First 

Get SALT Encoding   

  12  0:18  Drone, Extractor  
  12  0:24  Spawning Pool  
  11  0:30  Drone  
  11  0:35  Drone  
  13  0:41  Drone  
  14  0:51  Overlord  
  14  1:11  Zergling x2  
  14  1:12  Zergling x2  
  14  1:14  Zergling x2  
  17  1:19  Metabolic Boost  
  17  1:25  Zergling x2  
  18  1:37  Baneling Nest  
  18  1:39  Zergling x2  
  18  1:46  Zergling x2  
  19  1:55  Queen  
  19  2:00  Zergling x2  
  22  2:06  Overlord  
  22  2:24  Baneling x2  
  22  2:31  Baneling x2  
  22  2:46  Hatchery  
  17  3:02  Zergling x6  
  19  3:12  Baneling  
  19  3:13  Baneling  
  19  3:17  Zergling x4  
  21  3:25  Drone  
Show
View Real Time Build Order
Export as new Build Order

Raguel Zerg 

Build Orders: Hatch First 

Get SALT Encoding   

  12  0:01  Drone  
  13  0:11  Drone  
  14  0:17  Overlord  
  14  0:36  Drone x3  
  17  0:57  Hatchery  
  17  1:01  Drone  
  17  1:16  Spawning Pool  
  17  1:17  Drone  
  17  1:19  Extractor  
  17  1:20  Drone  
  17  1:37  Drone  
  18  1:43  Drone  
  19  1:53  Overlord  
  19  2:03  Queen  
  19  2:04  Zergling x2  
  22  2:09  Queen  
  22  2:13  Zergling x4  
  22  2:14  Spine Crawler  
  25  2:21  Zergling x2  
  26  2:34  Baneling Nest  
  19  3:05  Zergling x2  
  18  3:19  Zergling x4  
  20  3:24  Baneling  
  20  3:25  Baneling  
Tags
 
Add a new tag
Caveats
  • Supply blocks, unpowered buildings, or Contaminate may cause inaccurate times.
  • Supply counts are checked every 10 seconds.